 Dungeon Crawl Stone Soup version 0.29-a0-998-g1987434951 (webtiles) character file.

Game seed: 12844420697032222625

382 vurker the Insei (level 6, -6/30 HPs)
             Began as a Vine Stalker Enchanter on Aug 5, 2022.
             Was a Follower of Makhleb.
             Mangled by Menkaure (11 damage)
             ... on level 5 of the Dungeon.
             The game lasted 00:06:41 (4541 turns).

vurker the Insei (Vine Stalker Enchanter)           Turns: 4541, Time: 00:06:42

Health: -6/30      AC:  8    Str: 13    XL:     6   Next: 76%
Magic:  0/10       EV: 11    Int: 15    God:    Makhleb [*.....]
Gold:   245        SH:  4    Dex: 14    Spells: 9/9 levels left

rFire   + . .      SeeInvis .   v - +2 dagger (flame)
rCold   . . .      Faith    .   d - +0 buckler
rNeg    . . .      Spirit   +   u - +1 leather armour {rPois}
rPois   +          Reflect  .   r - +0 helmet
rElec   .          Harm     .   n - +1 cloak
rCorr   .          Rampage  .   (no gloves)
Will    .....                   i - +0 pair of boots
Stlth   ++........              (no amulet)
HPRegen 0.90/turn               l - ring of protection from fire
MPRegen 0.12/turn               (no ring)

@: no status effects
A: fangs 2, regeneration 1, magic shield, antimagic bite, no potion heal 2
a: Renounce Religion


You were on level 5 of the Dungeon.
You worshipped Makhleb.
Makhleb was aware of your devotion.
You visited 1 branch of the dungeon, and saw 5 of its levels.

You collected 245 gold pieces.

Inventory:

Hand Weapons
 v - a +2 dagger of flaming (weapon)
   (You took it off a kobold on level 3 of the Dungeon)
Armour
 d - a +0 buckler (worn)
   (You found it on level 1 of the Dungeon)
 i - a +0 pair of boots (worn)
   (You found it on level 2 of the Dungeon)
 n - a +1 cloak (worn)
   (You found it on level 1 of the Dungeon)
 r - a +0 helmet (worn)
   (You found it on level 2 of the Dungeon)
 u - a +1 leather armour of poison resistance (worn)
   (You took it off an orc on level 4 of the Dungeon)
Jewellery
 l - a ring of protection from fire (left hand)
   (You found it on level 1 of the Dungeon)
 p - a ring of ice
   (You found it on level 2 of the Dungeon)
Wands
 s - a wand of mindburst (10)
   (You found it on level 5 of the Dungeon)
 t - a wand of flame (1)
   (You took it off Jessica on level 2 of the Dungeon)
Scrolls
 b - 2 scrolls of enchant armour
 k - a scroll of blinking
 m - 5 scrolls of teleportation
 w - a scroll of acquirement
Potions
 a - a potion of curing {unknown}
 c - a potion of invisibility
 e - a potion of degeneration {unknown}
 f - a potion of heal wounds {unknown}
 g - a potion of attraction {unknown}
 h - a potion of magic {unknown}
 j - 2 potions of ambrosia {unknown}
 o - 2 potions of mutation
 q - 2 potions of lignification {unknown}


   Skills:
 + Level 2.2 Fighting
 - Level 0.8 Short Blades
 + Level 1.5 Armour
 + Level 2.3 Dodging
 - Level 3.6 Stealth
 + Level 1.5 Shields
 * Level 3.8 Unarmed Combat
 - Level 2.1 Spellcasting
 - Level 3.0 Hexes
 + Level 2.0 Invocations


You had 9 spell levels left.
You didn't know any spells.
Your spell library contained the following spells:

 Spells                   Type           Power      Damage    Failure   Level
 Slow                     Hex            40%        N/A       11%         1
 Ensorcelled Hibernation  Hex/Ice        12%        N/A       30%         2
 Confusing Touch          Hex            10%        N/A       32%         3
 Tukima's Dance           Hex            10%        N/A       32%         3
 Dazzling Flash           Conj/Hex       12%        N/A       52%         3
 Vampiric Draining        Necr           1%         2d6       75%         3
 Passage of Golubria      Tloc           1%         N/A       98%         4
 Yara's Violent Unravell  Hex/Tmut       3%         3d4       99%         5


Dungeon Overview and Level Annotations

Branches:
Dungeon (5/15)
 Temple: D:4-7

Altars:
Makhleb
The Shining One

Annotations:
D:3 3 runed translucent doors, vurker's ghost, amateur VSEn
D:5 Menkaure


Innate Abilities, Weirdness & Mutations

You have extremely sharp teeth.
Your natural rate of healing is unusually fast.
When hurt, damage is shared between your health and your magic reserves.
Your bite disrupts and absorbs the magic of your enemies.
Potions cannot restore your health.


Message History

You closely miss the ufetubus. Your bite misses the ufetubus.
The ufetubus misses you. You block the ufetubus's attack.
You miss the ufetubus. The ufetubus barely misses you.
The ufetubus hits you but does no damage.
You block the ufetubus's attack.
The ufetubus hits you but does no damage.
You hit the ufetubus. You burn the ufetubus.
You kill the ufetubus!
Makhleb accepts your kill.
No target in view!
No target in view!
b - 2 scrolls of enchant armour (gained 1)
Found a scroll of teleportation.
w - a scroll labelled JACZOM MUIMUVE This is a scroll of acquirement!
Unknown command.
Okay, then.
An ufetubus comes into view.
The ufetubus shouts!
An ufetubus is nearby!
An ufetubus is nearby!
The ufetubus barely misses you. The ufetubus closely misses you.
The ufetubus barely misses you.
The ufetubus hits you but does no damage.
You completely miss the ufetubus.
The ufetubus hits you but does no damage.
The ufetubus hits you.
You hit the ufetubus. You burn the ufetubus. The ufetubus barely misses you.
The ufetubus hits you but does no damage. x3
You hit the ufetubus. You burn the ufetubus. You bite the ufetubus.
You kill the ufetubus!
Makhleb accepts your kill.
You feel better.
No target in view!
m - 5 scrolls of teleportation (gained 1) Menkaure, Prince of Dust comes into view.
Menkaure shouts!
Menkaure rustles in an indecipherable tongue.
You hit Menkaure. You burn Menkaure. You bite Menkaure, but do no damage.
You hit Menkaure but do no damage. Your bite misses Menkaure.
Menkaure barely misses you.
You hit Menkaure. You burn Menkaure. Menkaure hits you!
You barely miss Menkaure. You bite Menkaure, but do no damage.
Menkaure barely misses you.
You hit Menkaure but do no damage. Menkaure hits you!!
Ouch! That really hurt!
* * * LOW HITPOINT WARNING * * *
Aim: Menkaure (heavily damaged, chance to affect: 64%) Menkaure struggles to resist.
Menkaure hits you!
You die...

### ..# #.#
#.# #.# #M#
#@#####
#.....#
#####.# . #.#
#. #.# ###.#
#.#
....#####.####
#............#
#.......##.#


You could see Menkaure.

Vanquished Creatures
  A black bear (D:5)
  A jelly (D:3)
  Jessica (D:2)
  4 orc wizards
  5 adders
  2 ufetubi (D:5)
  10 orcs
  8 endoplasms
  5 giant cockroaches
  4 goblins
  3 hobgoblins
  6 jackals
  3 quokkas
  3 ball pythons
  4 bats (D:2)
  4 frilled lizards
  11 kobolds
  7 rats
82 creatures vanquished.

Vanquished Creatures (others)
  A fungus (D:2)
1 creature vanquished.

Grand Total: 83 creatures vanquished

Notes
Turn   | Place    | Note
-------+----------+-------------------------------------------
     0 | D:1      | vurker the Vine Stalker Enchanter began the quest for the
                  | Orb.
     0 | D:1      | Reached XP level 1. HP: 9/9 MP: 4/4
   128 | D:1      | Reached skill level 1 in Unarmed Combat
   134 | D:1      | Reached XP level 2. HP: 12/14 MP: 4/6
   471 | D:1      | Reached skill level 1 in Fighting
  1334 | D:2      | Found a faded altar of an unknown god.
  1391 | D:2      | Reached XP level 3. HP: 16/18 MP: 5/7
  1774 | D:2      | Found a burning altar of Makhleb.
  1784 | D:2      | Became a worshipper of Makhleb the Destroyer
  1939 | D:2      | Noticed Jessica
  1961 | D:2      | Killed Jessica
  1962 | D:2      | Gained mutation: Your natural rate of healing is unusually
                  | fast. [Vine Stalker growth]
  1962 | D:2      | Reached XP level 4. HP: 6/22 MP: 3/8
  2852 | D:3      | HP: 1/22 [acid (6)]
  2854 | D:3      | Reached XP level 5. HP: 3/25 MP: 0/9
  2994 | D:3      | Reached skill level 1 in Invocations
  3106 | D:3      | Reached * piety under Makhleb
  3176 | D:3      | Reached skill level 1 in Shields
  3199 | D:3      | Reached skill level 1 in Armour
  3327 | D:3      | Found a runed translucent gate.
  3328 | D:3      | Found a runed translucent gate.
  3332 | D:3      | Found a runed translucent gate.
  3334 | D:3      | Noticed vurker's ghost (amateur VSEn)
  3578 | D:3      | Reached XP level 6. HP: 30/30 MP: 10/10
  4219 | D:4      | Found a glowing golden altar of the Shining One.
  4431 | D:5      | Entered Level 5 of the Dungeon
  4470 | D:5      | Noticed a black bear
  4479 | D:5      | Killed a black bear
  4514 | D:5      | Identified a scroll of acquirement
  4534 | D:5      | Noticed Menkaure
  4541 | D:5      | Mangled by Menkaure

Illustrated notes

Levels and vault maps discovered:
D:1:      dpeg_arrival_renting, layout_rooms, st_stairs_13
D:2:      layout_basic, basic_altar, shapermc_ecumenical_altar_mp_ritualfount,
          minmay_misc_feat_secret_circle, st_stairs_9, minmay_3d_cube,
          uniq_jessica
D:3:      layout_loops_ring, gammafunk_ghost_necromancy
D:4:      layout_basic, nicolae_tso_swordbearing_angel, minmay_misc_feat_hallway
D:5:      layout_loops_ring, serial_glass, glass_columns_a, glass_columns_a,
          glass_columns_a, glass_columns_a, glass_columns_a, glass_columns_a,
          uniq_menkaure

Skill      XL: |  1  2  3  4  5  6 |
---------------+-------------------+-----
Unarmed Combat | 1 2 3 |  3.8
Fighting       | 1 2 |  2.2
Invocations    | 1 2 |  2.0
Dodging        | 2 |  2.3
Shields        | 1 |  1.5
Armour         | 1 |  1.5
Short Blades   | |  0.8
Stealth        | |  3.6
Spellcasting   | |  2.1
Hexes          | |  3.0

Action                   |  1- 3 |  4- 6 || total
-------------------------+-------+-------++-------
Melee: Dagger            |    99 |   212 ||   311
       Bite              |    14 |    45 ||    59
Evoke: Wand              |       |     7 ||     7
  Use: Scroll            |     7 |     6 ||    13
       Potion            |     1 |       ||     1
 Stab: Sleeping          |     9 |     4 ||    13
Armor: Robe              |    16 |     1 ||    17
       Ring mail         |       |    75 ||    75
       Leather armour    |       |    17 ||    17
Dodge: Dodged            |    51 |    72 ||   123
Block: Buckler           |     7 |    21 ||    28

Table legend: (Time is in decaauts)
 A = Elapsed time spent in this place.
 B = Non-inter-level travel time spent in this place.
 C = Inter-level travel time spent in this place.
 D = Time resting spent in this place.
 E = Time spent auto-exploring this place.
 F = Levels seen in this place.
 G = Mean time per level.
                   A        B        C        D        E       F      G
               +--------+--------+--------+--------+--------+-----+--------+
         Total |   4548 |   4314 |    234 |     24 |   3449 |   5 |  909.6 |
       Dungeon |   4548 |   4314 |    234 |     24 |   3449 |   5 |  909.6 |
               +--------+--------+--------+--------+--------+-----+--------+

Top non-repeatable levels by time:
     D:2: 1385 daAuts
     D:1: 1281 daAuts
     D:3: 914 daAuts
     D:4: 855 daAuts
     D:5: 109 daAuts
